 Dungeon Crawl Stone Soup version 0.25-a0-10-g2fe12d4386 (webtiles) character file.

Game seed: 6765514699946228750, levelgen mode: deterministic

833 MalarOregon the Conjurer (level 7, -16/60 HPs)
             Began as a Purple Draconian Conjurer on Oct 15, 2019.
             Was a Believer of Vehumet.
             Engulfed by a steam dragon's steam (26 damage)
             ... on level 6 of the Dungeon.
             The game lasted 00:09:06 (5525 turns).

MalarOregon the Conjurer (DrCj)                     Turns: 5525, Time: 00:09:07

Health: -16/60     AC:  6    Str:  6    XL:     7   Next: 66%
Magic:  4/4        EV: 14    Int: 17    God:    Vehumet [**....]
Gold:   254        SH:  0    Dex: 12    Spells: 10/15 levels left

rFire    x . .     SeeInvis .   s - +9 war axe "Ilait" {antimagic, rElec rF- MR+++ Str-4}
rCold    + . .     Gourm    .   (no shield)
rNeg     . . .     Faith    .   (armour unavailable)
rPois    +         Spirit   .   (helmet restricted)
rElec    +         Reflect  .   (no cloak)
rCorr    .         Harm     .   (no gloves)
MR       ++++.                  (no boots)
Stlth    ++........             (no amulet)
HPRegen  0.20/turn              g - ring of poison resistance
MPRegen  0.09/turn              o - ring of protection from cold

@: short of breath
A: breathe power, unfitting armour, cold-blooded, AC +6
a: Breathe Dispelling Energy, Renounce Religion


You were on level 6 of the Dungeon.
You worshipped Vehumet.
Vehumet was pleased with you.
You were not hungry.

You visited 1 branch of the dungeon, and saw 6 of its levels.

You collected 254 gold pieces.

Inventory:

Hand Weapons
 p - a +2 short sword of venom
   (You took it off an orc on level 3 of the Dungeon)
 s - the +9 war axe "Ilait" (weapon) {antimagic, rElec rF- MR+++ Str-4}
   (You found it on level 5 of the Dungeon)

   It reduces the magical energy of the wielder, and disrupts the spells and
   magical abilities of those hit.
   Natural abilities and divine invocations are not affected.
   It affects your strength (-4).
   It makes you vulnerable to fire.
   It insulates you from electricity.
   It affects your resistance to hostile enchantments.
Jewellery
 g - a ring of poison resistance (left hand)
   (You found it on level 2 of the Dungeon)
 n - a +2 ring of evasion
   (You found it on level 3 of the Dungeon)
 o - a ring of protection from cold (right hand)
   (You found it on level 6 of the Dungeon)
Wands
 x - a wand of acid (14)
   (You found it on level 6 of the Dungeon)
Scrolls
 a - 2 scrolls of teleportation {unknown}
 d - 2 scrolls of blinking {unknown}
 h - a scroll of amnesia {unknown}
 i - a scroll of enchant weapon {unknown}
 j - a scroll of random uselessness {unknown}
 k - 4 scrolls of identify {unknown}
 l - 4 scrolls of remove curse {unknown}
 t - a scroll of fear {unknown}
Potions
 b - 4 potions of heal wounds {unknown}
 c - 2 potions of haste {unknown}
 f - 3 potions of curing {@q1}
 m - a potion of ambrosia
 q - a potion of agility {unknown}
 r - a potion of mutation {unknown}
 u - a potion of degeneration {unknown}
 w - a potion of might {unknown}
Comestibles
 e - 7 rations {!d}
 v - 14 chunks of flesh


   Skills:
 * Level 4.5 Fighting
 - Level 1.2 Short Blades
 * Level 2.1 Axes
 * Level 4.2 Dodging
 - Level 1.7 Stealth
 + Level 4.7 Spellcasting
 + Level 5.5 Conjurations


You had 10 spell levels left.
You knew the following spells:

 Your Spells              Type           Power        Failure   Level  Hunger
a - Magic Dart            Conj           ###.         1%          1    None
x - Iskenderun's Mystic   Conj           ###.....     14%         4    ####...

Your spell library contained the following spells:

 Spells                   Type           Power        Failure   Level  Hunger
 Sandblast                Erth           #.....       14%         1    None
 Searing Ray              Conj           ###...       2%          2    ##.....
 Dazzling Spray           Conj/Hex       ##....       14%         3    ###....
 Force Lance              Conj/Tloc      ##......     43%         4    ####...
 Fulminant Prism          Conj/Hex       ##........   43%         4    ####...


Dungeon Overview and Level Annotations

Branches:
Dungeon (6/15)             Temple (0/1) D:4

Altars:
Dithmenos
Elyvilon
Okawaru
Sif Muna
Vehumet


Innate Abilities, Weirdness & Mutations

You can breathe bolts of dispelling energy.
Your rich purple scales are hard. (AC +6)
You cannot fit into any form of body armour.
You are cold-blooded and may be slowed by cold attacks.


Message History

Vehumet accepts your kill.
Your Axes skill increases to level 2!
The hound completely misses you.
You closely miss the hound. The hound barely misses you.
The hound bites you but does no damage.
You slash the hound! You tail-slap the hound. The hound bites you.
The hound barely misses you.
You miss the hound. The hound bites you but does no damage.
The hound misses you.
You completely miss the hound.
Your tail-slap misses the hound.
The hound closely misses you. The hound bites you.
You barely miss the hound.
You tail-slap the hound, but do no damage.
The hound barely misses you. The hound bites you.
You hit the hound. The hound bites you but does no damage. The hound bites you.
You barely miss the hound. The hound closely misses you.
The hound bites you but does no damage.
You slash the hound!
You kill the hound!
Vehumet accepts your kill. The steam dragon barely misses you.
The steam dragon closely misses you.
You slash the steam dragon! The steam dragon bites you.
The steam dragon closely misses you.
You barely miss the steam dragon. The steam dragon misses you.
The steam dragon claws you but does no damage.
The steam dragon breathes steam at you. The ball of steam hits you.
The steam scalds you terribly!
You closely miss the steam dragon.
Your tail-slap misses the steam dragon.
You are engulfed in a cloud of scalding steam.
* * * LOW HITPOINT WARNING * * *
The steam dragon closely misses you. The steam dragon barely misses you.
Aim: a steam dragon (steam, heavily wounded, catching its breath)
You breathe a bolt of dispelling energy.
The bolt of dispelling energy hits the steam dragon.
You feel somewhat more hungry.
You are engulfed in a cloud of scalding steam.
The steam dragon misses you. The steam dragon barely misses you.
You completely miss the steam dragon.
A worker ant comes into view.
The steam dragon bites you!
* * * LOW HITPOINT WARNING * * *
The steam dragon misses you.
You completely miss the steam dragon. The steam dragon breathes steam at you.
The ball of steam hits you! The steam scalds you terribly!
* * * LOW HITPOINT WARNING * * *
The steam dragon closely misses you. The steam dragon barely misses you.
You barely miss the steam dragon.
You are engulfed in a cloud of scalding steam.
You die...

########## #.........
# #>########
...?###########.###
.....aD@ยงยง........#
....##########....# .
##.....##
##.......#####
#.............
##.......####.
#......## #. #.#...##
#. #.##.## #.


You could see a steam dragon and a worker ant.

Vanquished Creatures
  A centaur (D:3)
  2 howler monkeys
  A crimson imp (D:6)
  2 bullfrog zombies
  2 hounds
  An orc wizard (D:6)
  An orc priest (D:4)
  2 iguanas (D:6)
  3 worker ants
  A killer bee zombie (D:6)
  2 worker ant zombies
  6 adders
  9 gnolls
  A howler monkey skeleton (D:4)
  A shadow imp (D:5)
  3 oozes
  2 worms
  3 dart slugs
  6 leopard geckos
  14 orcs
  4 giant cockroaches
  2 hobgoblins (D:2)
  13 jackals
  7 kobolds
  2 ball pythons
  9 bats
  4 frilled lizards
  6 goblins
  8 rats
118 creatures vanquished.

Notes
Turn   | Place    | Note
-------+----------+-------------------------------------------
     0 | D:1      | MalarOregon the Draconian Conjurer began the quest for the
                  | Orb.
     0 | D:1      | Reached XP level 1. HP: 14/14 MP: 3/3
   131 | D:1      | Reached XP level 2. HP: 22/22 MP: 3/5
   356 | D:1      | Reached skill level 1 in Fighting
   954 | D:2      | Reached XP level 3. HP: 16/28 MP: 0/6
  1191 | D:2      | Found a shadowy altar of Dithmenos.
  1297 | D:2      | Reached XP level 4. HP: 17/36 MP: 4/8
  1457 | D:2      | Learned a level 4 spell: Iskenderun's Mystic Blast
  1509 | D:2      | Found a radiant altar of Vehumet.
  1970 | D:2      | Became a worshipper of Vehumet
  2245 | D:3      | Found a white marble altar of Elyvilon.
  2625 | D:3      | Reached XP level 5. HP: 28/41 MP: 0/9
  2632 | D:3      | Reached * piety under Vehumet
  2632 | D:3      | Offered knowledge of Sandblast by Vehumet.
  2968 | D:3      | Noticed a centaur
  2981 | D:3      | HP: 3/63 [centaur (3)]
  3002 | D:3      | Killed a centaur
  3002 | D:3      | Reached skill level 5 in Conjurations
  3374 | D:3      | Found a shimmering blue altar of Sif Muna.
  3637 | D:4      | Found a staircase to the Ecumenical Temple.
  3678 | D:4      | Reached XP level 6. HP: 51/51 MP: 3/11
  4405 | D:5      | Entered Level 5 of the Dungeon
  4469 | D:5      | Reached skill level 1 in Short Blades
  4514 | D:5      | Got a dazzling war axe
  4519 | D:5      | Identified the +9 war axe "Ilait" {antimagic, rElec rF-
                  | MR+++ Str-4} (You found it on level 5 of the Dungeon)
  4633 | D:5      | Your scales start taking on a rich purple colour.
  4633 | D:5      | Reached XP level 7. HP: 52/58 MP: 4/13
  4849 | D:6      | Found an iron altar of Okawaru.
  4858 | D:6      | Reached skill level 1 in Axes
  4882 | D:6      | HP: 1/59 [iguana (9)]
  5507 | D:6      | Noticed a steam dragon
  5518 | D:6      | Reached ** piety under Vehumet
  5525 | D:6      | Engulfed by a steam dragon's steam

Levels and vault maps discovered:
D:1:      beargit_arrival_greenhouse, layout_basic, chequers_arboretum
D:2:      wander_river, layout_loops_cross, grunt_dithmenos_smoke_and_mirrors,
          vehumet_crystals, kennysheep_generic_room_5
D:3:      layout_basic, marbit_many_paths, chequers_serial_rivers_micro_d,
          led_sif_pool
D:4:      layout_cave_pools, temple_pool_b, first_ration
D:5:      layout_cave_pools
D:6:      layout_loops_ring, okawaru_gym_becter

Skill      XL: |  1  2  3  4  5  6  7 |
---------------+----------------------+-----
Dodging        | 2 3 4 |  4.2
Fighting       | 1 2 3 4 |  4.5
Spellcasting   | 3 4 |  4.7
Conjurations   | 5 |  5.5
Short Blades   | 1 |  1.2
Axes           | 2 |  2.1
Stealth        | |  1.7

Action                   |  1- 3 |  4- 6 |  7- 9 || total
-------------------------+-------+-------+-------++-------
Melee: Unarmed           |    23 |       |       ||    23
       Whip              |    24 |   115 |       ||   139
       Tailslap          |     4 |     9 |     5 ||    18
       Short sword       |       |    44 |       ||    44
       War axe           |       |    10 |    66 ||    76
 Cast: Magic Dart        |    57 |   112 |     2 ||   171
       Iskenderun's Myst |       |     2 |       ||     2
 Abil: Breathe Dispellin |       |       |     2 ||     2
  Use: Potion            |       |     4 |       ||     4
 Stab: Sleeping          |       |     3 |     1 ||     4
  Eat: Chunk             |     2 |    10 |     1 ||    13
       Ration            |       |       |     1 ||     1
Armor: Skin              |    15 |    67 |    19 ||   101
Dodge: Dodged            |    35 |   172 |    73 ||   280

Table legend:
 A = Non-vault XP
 B = Vault XP
 C = Vault XP percentage of total XP
 D = Non-vault monster count
 E = Vault monster count
 F = Vault count percentage of total count
                 A         B        C        D         E       F
            +---------+---------+-------+---------+---------+-------
      Total |    1185 |       6 |   0.5 |     115 |       3 |   2.5
            +---------+---------+-------+---------+---------+-------
        D:1 |      32 |       0 |   0.0 |      17 |       0 |   0.0
        D:2 |      91 |       5 |   5.2 |      21 |       2 |   8.7
        D:3 |     246 |       1 |   0.4 |      39 |       1 |   2.5
        D:4 |     168 |       0 |   0.0 |      14 |       0 |   0.0
        D:5 |     211 |       0 |   0.0 |       7 |       0 |   0.0
        D:6 |     437 |       0 |   0.0 |      17 |       0 |   0.0
            +---------+---------+-------+---------+---------+-------
